 Dungeon Crawl Stone Soup version 0.25.1-2-g60ff931df9 (webtiles) character file.

Game seed: 14147375330107219326

27862 Kaptain the Geomancer (level 13, -10/79 HPs)
             Began as a Gargoyle Earth Elementalist on Sept 9, 2020.
             Mangled by an ettin
             ... wielding a +0 dire flail
              (29 damage)
             ... on level 1 of the Orcish Mines on Sept 10, 2020.
             The game lasted 01:23:22 (18413 turns).

Kaptain the Geomancer (GrEE)                       Turns: 18413, Time: 01:23:23

Health: -10/79     AC: 21    Str: 12    XL:     13   Next: 35%
Magic:  12/27      EV: 12    Int: 21    God:
Gold:   1183       SH:  0    Dex: 10    Spells: 18/33 levels left

rFire    . . .     SeeInvis .   Y - +6 great sword (holy)
rCold    . . .     Gourm    .   (shield currently unavailable)
rNeg     + . .     Faith    .   n - +1 steam dragon scales
rPois    ∞         Spirit   .   (no helmet)
rElec    +         Reflect  .   A - +0 cloak
rCorr    .         Harm     .   p - +0 pair of gloves (curse)
MR       .....                  T - +0 pair of boots
Stlth    +++.......             (no amulet)
HPRegen  0.23/turn              l - ring of stealth
MPRegen  0.20/turn              J - ring of wizardry

@: no status effects
A: negative energy resistance 1, electricity resistance, unbreathing,
petrification resistance, rot immunity, AC +9
a: no special abilities


You were on level 1 of the Orcish Mines.
You were not hungry.

You visited 3 branches of the dungeon, and saw 17 of its levels.
You also visited: Ossuary.

You collected 1183 gold pieces.

Inventory:

Hand Weapons
 c - a +1 scimitar of flaming
 o - a +1 battleaxe of flaming
 B - the +1 hunting sling of the Key {vorpal, rElec Str-5 SInv Stlth-}
   (You found it on level 4 of the Dungeon)

   Any stone fired from it inflicts extra damage.
   It affects your strength (-5).
   It insulates you from electricity.
   It lets you see invisible.
   It makes you less stealthy.
 D - a +2 rapier of holy wrath
 Y - a +6 great sword of holy wrath (weapon)
Missiles
 b - 82 stones (quivered)
Armour
 n - +1 steam dragon scales (worn)
 p - a cursed +0 pair of gloves (worn)
 A - a +0 cloak (worn)
 N - a +0 leather armour of fire resistance
 T - a +0 pair of boots (worn)
Magical Staves
 s - an uncursed staff of wizardry
Jewellery
 h - an uncursed ring of resist corrosion
 k - an uncursed ring of positive energy
 l - a ring of stealth (left hand)
 y - an uncursed ring of protection from cold
 J - a ring of wizardry (right hand)
 Q - an uncursed ring of protection from cold
Wands
 a - a wand of paralysis (14)
 E - a wand of disintegration (17)
 L - a wand of polymorph (13)
 O - a wand of digging (5)
 U - a wand of iceblast (11)
 V - a wand of clouds (4)
 Z - a wand of flame (31)
Scrolls
 e - 2 scrolls of magic mapping
 f - a scroll of immolation
 j - 3 scrolls of amnesia
 m - 3 scrolls of enchant weapon
 q - 8 scrolls of blinking
 r - 2 scrolls of fog
 t - 3 scrolls of fear
 x - a scroll of remove curse
 C - 10 scrolls of teleportation
 G - 2 scrolls of enchant armour
 K - 5 scrolls of identify
Potions
 g - 2 potions of might
 i - 3 potions of flight
 u - 2 potions of heal wounds
 v - 4 potions of stabbing
 w - 3 potions of mutation
 z - 2 potions of haste
 H - 2 potions of ambrosia
 I - a potion of brilliance
 M - a potion of magic
 R - 5 potions of curing
 S - a potion of berserk rage
 W - a potion of cancellation
Miscellaneous
 P - a phial of floods
 X - a lightning rod (4/4)
Comestibles
 d - 32 rations
 F - 9 chunks of flesh


   Skills:
 + Level 8.6 Fighting
 - Level 8.0 Armour
 + Level 2.8 Dodging
 + Level 4.1 Stealth
 * Level 10.6 Spellcasting
 * Level 11.3 Conjurations
   Level 0.7 Transmutations
 * Level 13.6 Earth Magic


You had 18 spell levels left.
You knew the following spells:

 Your Spells              Type           Power        Failure   Level  Hunger
a - Sandblast             Erth           ######       0%          1    None
b - Stone Arrow           Conj/Erth      ######       1%          3    None
c - Lee's Rapid Deconstr  Erth           ######....   1%          5    ####...
d - Blink                 Tloc           N/A          3%          2    None
e - Mephitic Cloud        Conj/Pois/Air  ####....     1%          3    None
f - Animate Skeleton      Necr           N/A          2%          1    None

Your spell library contained the following spells:

 Spells                   Type           Power        Failure   Level  Hunger
 Magic Dart               Conj           ####         1%          1    None
 Passwall                 Tmut/Erth      #####...     1%          2    None
 Conjure Flame            Conj/Fire      #####...     1%          3    None
 Petrify                  Tmut/Erth      #####...     1%          4    ##.....
 Apportation              Tloc           ##....       2%          1    None
 Pain                     Necr           ##..         2%          1    None
 Summon Butterflies       Summ           ##......     2%          1    None
 Call Imp                 Summ           ##......     3%          2    None
 Slow                     Hex            ##......     3%          2    None
 Lesser Beckoning         Tloc           ##........   8%          3    None
 Tukima's Dance           Hex            ##......     8%          3    None
 Vampiric Draining        Necr           ##........   8%          3    None
 Animate Dead             Necr           N/A          24%         4    ##.....
 Alistair's Intoxication  Tmut/Pois      ##......     47%         5    ####...
 Agony                    Necr           ##......     52%         5    ####...
 Invisibility             Hex            ##......     97%         6    ######.


Dungeon Overview and Level Annotations

Branches:
Dungeon (10/15)            Temple (0/1) D:6            Lair (6/6) D:10
 Shoals (0/4) Lair:2        Snake (0/4) Lair:4        Slime (0/5) Lair:5
    Orc (1/2) D:10        Ossuary (visited)

Altars:
Ashenzari
Xom
Jiyva

Shops:
D:5 =

Annotations:
D:8 3 runed translucent doors, Curus's ghost, novice HOMo
Lair:2 exclusion: oklob plant


Innate Abilities, Weirdness & Mutations

You are resistant to torment.
Your stone body is resilient. (AC +9)
You are immune to poison.
You resist negative energy. (rN+)
You are resistant to electric shocks. (rElec)
You can survive without breathing.
You are immune to petrification.
You are immune to rotting.


Message History

The orc warrior is killed!
Casting: Mephitic Cloud (safe; 1% risk of failure)
Confirm with . or Enter, or press ? or * to list all spells.
Aiming: Mephitic Cloud (safe; 1% risk of failure)
Press: ? - help, Shift-Dir - straight line, f/p - orc warlord
Aim: an orc warlord, wielding a +4 broad axe of flaming and wearing a +0 plate armour (noxious fumes, lightly wounded)
The ball explodes into a vile cloud!
The stinking cloud engulfs the orc but does no damage.
The stinking cloud engulfs the orc warrior but does no damage. x2
The orc warrior is lightly wounded.
The ogre is engulfed in noxious fumes.
The ogre appears confused.
The orc is engulfed in noxious fumes.
The orc appears confused.
The two-headed ogre gestures wildly.
The orc warrior is engulfed in noxious fumes.
The orc warrior appears confused.
The orc warrior hits the ogre with a +0 trident!
The orc warrior is engulfed in noxious fumes.
The orc warrior appears confused.
The ettin hits you with a +0 dire flail!!
You die...

##### #.#.## ##...#
#####.## ##......##
##........##
##.....))...## .#
#.....o.@C...###
..##....§)o)).....##
...#....#o☼C.......#
##......o○.O.....##
#.....o#.##.....##
#.#...o§☼####...##
##..)o°#......##
#.....O........#
#..........#.###


You could see an orc warlord, 2 ettins, a two-headed ogre (confused), 3 orc
warriors, an ogre (confused), an orc priest (strong), an orc wizard (strong) and
an orc (strong, confused).

Vanquished Creatures
  Snorg (Lair:4)
  3 hydras
  Erica (D:8)
  Urug (Lair:2)
  Nergalle (Lair:2)
  2 orc knights (D:10)
  Joseph (D:8)
  A black mamba (Lair:3)
  6 spiny frogs
  Maggie (D:7)
  A gargoyle (D:10)
  2 rime drakes
  5 komodo dragons
  A queen bee (D:10)
  A hornet (D:10)
  2 polar bears
  12 blink frogs
  6 dream sheep (Lair:5)
  4 hippogriffs
  21 yaks
  2 wraiths (D:10)
  A vampire (D:10)
  4 wyverns
  A basilisk (Lair:1)
  Eustachio (D:5)
  A hungry ghost (D:10)
  4 wargs
  8 water moccasins
  Duvessa (D:7)
  5 porcupines
  8 orc warriors
  2 sky beasts
  A necrophage (D:5)
  A black bear (D:10)
  5 ogres
  16 wolves
  3 phantoms
  7 crocodiles
  A centaur (D:7)
  Blork the orc (D:5)
  A gnoll sergeant (D:6)
  10 bullfrogs
  Dowan (D:7)
  A water moccasin zombie (D:5)
  A wyvern skeleton (D:9)
  A scorpion (D:8)
  13 killer bees (D:10)
  2 electric eels (Lair:3)
  A bullfrog zombie (D:10)
  2 crimson imps
  A centaur zombie (Ossuary)
  A human zombie (Ossuary)
  2 jellies
  6 orc priests
  3 bullfrog skeletons
  A centaur skeleton (D:4)
  An iguana (D:4)
  8 orc wizards
  8 worker ants
  A big kobold zombie (Ossuary)
  4 ogre zombies (Ossuary)
  2 hound skeletons
  7 mummies (Ossuary)
  A howler monkey zombie (D:7)
  8 gnolls
  14 adders
  2 shadow imps
  An ooze (D:3)
  5 adder zombies
  An adder skeleton (D:9)
  A worm (D:4)
  6 leopard geckos
  40 orcs
  A ball python (D:1)
  4 bats
  7 giant cockroaches
  2 gnoll zombies (Ossuary)
  8 goblins
  17 hobgoblins
  9 jackals
  8 kobolds
  3 quokkas
  3 frilled lizards
  A goblin zombie (Ossuary)
  6 hobgoblin zombies (Ossuary)
  A jackal skeleton (D:4)
  A kobold zombie (Ossuary)
  A quokka skeleton (D:7)
  6 quokka zombies (Ossuary)
  5 rats
  3 rat zombies (Ossuary)
  A fungus (Lair:1)
390 creatures vanquished.

Vanquished Creatures (collateral kills)
  A rime drake (Lair:5)
  2 blink frogs (Lair:5)
  An orc warrior (D:10)
  A bullfrog (Lair:5)
  An orc (Orc:1)
6 creatures vanquished.

Vanquished Creatures (others)
  4 fungi
  6 plants
10 creatures vanquished.

Grand Total: 406 creatures vanquished

Notes
Turn   | Place    | Note
-------+----------+-------------------------------------------
     0 | D:1      | Kaptain the Gargoyle Earth Elementalist began the quest for
                  | the Orb.
     0 | D:1      | Reached XP level 1. HP: 10/10 MP: 3/3
    87 | D:1      | Reached XP level 2. HP: 9/15 MP: 0/5
   434 | D:1      | Reached skill level 4 in Earth Magic
   856 | D:2      | Reached XP level 3. HP: 15/20 MP: 3/6
  1041 | D:2      | Reached skill level 1 in Fighting
  1235 | D:2      | Reached skill level 1 in Armour
  1235 | D:2      | Reached XP level 4. HP: 17/25 MP: 8/8
  2254 | D:3      | Reached XP level 5. HP: 23/29 MP: 2/9
  2517 | D:3      | Reached skill level 5 in Earth Magic
  2880 | D:3      | You fall into a shaft and drop 1 floor!
  2892 | D:4      | HP: 1/30 [worker ant (3)]
  3063 | D:4      | Noticed a phantom
  3094 | D:4      | Reached XP level 6. HP: 35/35 MP: 6/11
  3099 | D:4      | Learned a level 3 spell: Stone Arrow
  3105 | D:4      | Learned a level 5 spell: Lee's Rapid Deconstruction
  3310 | D:4      | Killed a phantom
  3426 | D:4      | Reached skill level 6 in Earth Magic
  3449 | D:4      | Reached XP level 7. HP: 40/40 MP: 8/13
  3641 | D:4      | Got a faintly glowing hunting sling
  3880 | D:5      | Entered Level 5 of the Dungeon
  3974 | D:5      | Reached skill level 1 in Conjurations
  4007 | D:5      | Noticed Eustachio
  4017 | D:5      | Killed Eustachio
  4089 | D:5      | Noticed Blork the orc
  4090 | D:5      | Reached XP level 8. HP: 46/46 MP: 15/15
  4096 | D:5      | Killed Blork the orc
  4096 | D:5      | Reached skill level 7 in Earth Magic
  4182 | D:5      | Found Qodacier's Jewellery Boutique.
  4217 | D:5      | Found a shattered altar of Ashenzari.
  4220 | D:5      | Reached skill level 5 in Spellcasting
  4635 | D:5      | Found a shimmering altar of Xom.
  4880 | D:6      | Found a sand-covered staircase.
  4886 | Ossuary  | Entered an ossuary
  6068 | D:6      | Learned a level 2 spell: Blink
  6173 | D:6      | You fall into a shaft and drop 2 floors!
  6198 | D:7      | Reached skill level 8 in Earth Magic
  6198 | D:7      | Reached XP level 9. HP: 52/52 MP: 15/17
  6224 | D:7      | Identified the +1 hunting sling of the Key {vorpal, rElec
                  | Str-5 SInv Stlth-} (You found it on level 4 of the Dungeon)
  6348 | D:7      | Noticed Dowan
  6348 | D:7      | Noticed Duvessa
  6361 | D:7      | Killed Duvessa
  6517 | D:7      | Reached skill level 5 in Conjurations
  6748 | D:7      | Noticed Maggie
  6754 | D:7      | Killed Maggie
  6936 | D:7      | Killed Dowan
  7144 | D:7      | Reached skill level 9 in Earth Magic
  7153 | D:7      | Reached skill level 5 in Armour
  7269 | D:7      | Reached skill level 5 in Fighting
  7534 | D:8      | Noticed Erica
  7562 | D:8      | Killed Erica
  7562 | D:8      | Reached XP level 10. HP: 50/59 MP: 3/20
  7852 | D:8      | Noticed Joseph
  7873 | D:8      | Killed Joseph
  8143 | D:8      | Reached skill level 10 in Earth Magic
  8222 | D:8      | Found a runed translucent gate.
  8223 | D:8      | Found a runed translucent gate.
  8224 | D:8      | Found a runed translucent gate.
  8226 | D:8      | Noticed Curus's ghost (novice HOMo)
  8663 | D:9      | You fall into a shaft and drop 1 floor!
  8663 | D:10     | Entered Level 10 of the Dungeon
  8817 | D:10     | Noticed an orc knight
  8834 | D:10     | Found a staircase to the Lair.
  9188 | D:10     | Found a staircase to the Orcish Mines.
  9238 | Lair:1   | Entered Level 1 of the Lair of Beasts
  9709 | Lair:1   | Reached XP level 11. HP: 64/64 MP: 12/23
 10367 | Lair:2   | Noticed Urug
 10450 | Lair:2   | Reached skill level 11 in Earth Magic
 10838 | Lair:2   | Noticed an oklob plant
 10999 | Lair:2   | Noticed Nergalle
 11007 | Lair:2   | Killed Nergalle
 11033 | Lair:2   | Noticed a manticore
 11349 | Lair:1   | Learned a level 3 spell: Mephitic Cloud
 11579 | Lair:2   | Found a staircase to the Shoals.
 11652 | Lair:2   | Noticed a six-headed hydra
 11657 | Lair:2   | Killed a six-headed hydra
 11963 | Lair:2   | Killed Urug
 12613 | Lair:3   | Reached skill level 12 in Earth Magic
 12613 | Lair:3   | Reached XP level 12. HP: 55/72 MP: 22/25
 13032 | Lair:3   | Found the +27 Lear's hauberk
 13221 | Lair:3   | Noticed a six-headed hydra
 13225 | Lair:3   | Killed a six-headed hydra
 13453 | Lair:4   | Reached skill level 10 in Conjurations
 13557 | Lair:4   | Noticed a seven-headed hydra
 13821 | Lair:4   | Killed a six-headed hydra
 14340 | Lair:4   | Noticed Snorg
 14348 | Lair:4   | Killed Snorg
 14348 | Lair:4   | Reached skill level 10 in Spellcasting
 14469 | Lair:4   | Found a staircase to the Snake Pit.
 15137 | Lair:5   | Learned a level 1 spell: Animate Skeleton
 15187 | Lair:5   | Reached skill level 13 in Earth Magic
 15479 | Lair:5   | You fall into a shaft and drop 1 floor!
 15479 | Lair:6   | Entered Level 6 of the Lair of Beasts
 15650 | Lair:5   | Found a staircase to the Slime Pits.
 15650 | Lair:5   | Found a viscous altar of Jiyva.
 15779 | Lair:5   | Reached XP level 13. HP: 62/78 MP: 13/27
 17639 | Orc:1    | Entered Level 1 of the Orcish Mines
 18398 | Orc:1    | Noticed an ettin
 18399 | Orc:1    | Noticed an ettin
 18407 | Orc:1    | Noticed an orc warlord
 18413 | Orc:1    | Mangled by an ettin

Illustrated notes

Levels and vault maps discovered:
D:1:      dpeg_arrival_pond, layout_rooms
D:2:      layout_basic
D:3:      layout_basic, first_ration, kennysheep_donut, wad_floor_pattern_1
D:4:      layout_rooms
D:5:      layout_loops_ring, marbit_many_paths, serial_shops, shop, basic_altar,
          minivault_1, uniq_blork_the_orc, uniq_eustachio
D:6:      layout_rooms, temple_doors_ab, enter_ossuary_2
D:7:      layout_basic, grunt_ogre_cave, uniq_maggie, uniq_duvessa
D:8:      layout_gridville, gammafunk_ghost_split, uniq_erica, uniq_joseph
D:9:      layout_basic, uniq_harold, uniq_grum
D:10:     cheibrodos_orc_bank, layout_cross, lair_entry_dummy, orc_0_dummy,
          nicolae_looking_at_the_future
Lair:1:   layout_regular_city, chequers_serial_rivers_room_b
Lair:2:   beast_lair_carwin_large_3, layout_gridlike,
          minmay_shoals_entry_beasts, infiniplex_staircase_pool,
          lemuel_fruit_tree, minmay_lair_oklob_chamber, lemuel_fruit_fields,
          uniq_urug, uniq_nergalle
Lair:3:   layout_gridlike
Lair:4:   layout_gridlike, dummy_snake_entry, beast_lair_carwin_10, uniq_snorg
Lair:5:   layout_cave_pods, slime_altar_1, grunt_megastairs_1
Lair:6:   hangedman_lair_in_review, layout_cave_pods, guppyfry_lair_end_dragon,
          chequers_serial_rivers_micro_e, grunt_megastairs_5,
          lemuel_fruit_fields
Orc:1:    layout_diamond_mine

Skill      XL: |  1  2  3  4  5  6  7  8  9 10 11 12 13 |
---------------+----------------------------------------+-----
Earth Magic    | 4 5 6 8 9 10 12 13 | 13.6
Fighting       | 1 2 3 4 5 6 7 8 |  8.6
Armour         | 1 2 3 4 5 6 7 8 |  8.0
Spellcasting   | 3 4 5 7 8 9 10 | 10.6
Conjurations   | 2 4 6 8 9 10 11 | 11.3
Dodging        | 2 |  2.8
Stealth        | 3 4 |  4.1
Transmutations | |  0.7

Action                   |  1- 3 |  4- 6 |  7- 9 | 10-12 | 13-15 || total
-------------------------+-------+-------+-------+-------+-------++-------
Melee: Hand axe          |    45 |     2 |       |       |       ||    47
       Short sword       |       |    68 |     1 |       |       ||    69
       Rapier            |       |       |   163 |    87 |       ||   250
       Unarmed           |       |       |     4 |       |       ||     4
       Great sword       |       |       |       |    47 |    93 ||   140
       Scimitar          |       |       |       |    11 |       ||    11
 Cast: Sandblast         |    22 |    73 |   102 |   124 |    17 ||   338
       Stone Arrow       |       |       |    10 |    32 |    20 ||    62
       Lee's Rapid Decon |       |       |    12 |    60 |     2 ||    74
       Mephitic Cloud    |       |       |       |    26 |    45 ||    71
       Animate Skeleton  |       |       |       |     7 |    15 ||    22
       Blink             |       |       |       |       |     1 ||     1
Evoke: Wand              |       |       |       |     8 |     2 ||    10
       Lightning rod     |       |       |       |     2 |       ||     2
  Use: Scroll            |     3 |     3 |     3 |    15 |       ||    24
       Potion            |       |     2 |     4 |    11 |     1 ||    18
 Stab: Sleeping          |     2 |     4 |    16 |     3 |     2 ||    27
       Confused          |       |       |       |    12 |     5 ||    17
  Eat: Chunk             |     1 |     7 |    14 |    33 |     5 ||    60
       Ration            |       |       |     1 |     2 |     1 ||     4
Armor: Robe              |     2 |       |       |       |       ||     2
       Leather armour    |    23 |    38 |    84 |       |       ||   145
       Steam dragon scal |       |       |     8 |   152 |    66 ||   226
Dodge: Dodged            |    41 |    61 |   105 |   182 |   111 ||   500
       Rpst.: Great sword |       |       |       |    14 |    32 ||    46
       Scimitar          |       |       |       |    17 |       ||    17
